 Dungeon Crawl Stone Soup version 0.32-a0-128-g77eb882913 (webtiles) character file.

Game seed: 8461259493343530797

52 zeratav the Trooper (level 3, 0/39 HPs)
             Began as an Oni Warper on Feb 7, 2024.
             Slain by a goblin
             ... wielding a +0 club
             ... led by Robin
              (5 damage)
             ... on level 2 of the Dungeon.
             The game lasted 00:02:34 (1078 turns).

zeratav the Trooper (Oni Warper)                    Turns: 1078, Time: 00:02:34

Health: 0/39       AC:  3    Str: 17    XL:     3   Next: 85%
Magic:  6/6        EV:  9    Int: 14    God:
Gold:   82         SH:  0    Dex:  8    Spells: 6/6 levels left

rFire   . . .        a - +0 mace {mace}
rCold   . . .        (no shield)
rNeg    . . .        b - +0 robe
rPois   .            (helmet restricted)
rElec   .            (no cloak)
rCorr   .            (gloves unavailable)
SInv    .            (boots unavailable)
Will    .....        (no amulet)
Stlth   +            (no ring)
HPRegen 0.26/turn    (no ring)
MPRegen 0.10/turn

%: no passive effects
@: no status effects
A: large, unfitting armour, horns 1, tough skin 1, double potion healing,
drunken brawling
a: no special abilities


You were on level 2 of the Dungeon.
You visited 1 branch of the dungeon, and saw 2 of its levels.

You collected 82 gold pieces.


Innate Abilities, Weirdness & Mutations

You are too large for most types of armour.
You have a pair of small horns on your head.
You have tough skin. (AC +1)
You gain doubled healing and magic from potions.
Whenever you drink a healing potion, you attack all around you.


   Skills:
 + Level 4.2 Fighting
 + Level 3.1 Maces & Flails
 - Level 1.0 Throwing
 - Level 2.1 Dodging
 - Level 2.4 Spellcasting
 - Level 2.6 Translocations


You had 6 spell levels left.
You didn't know any spells.
Your spell library contained the following spells:

 Spells                   Type           Power      Damage    Failure   Level
 Blink                    Tloc           18%        N/A       12%         2
 Lesser Beckoning         Tloc           18%        N/A       12%         2
 Teleport Other           Tloc           9%         N/A       22%         3
 Manifold Assault         Tloc           9%         N/A       58%         4
 Vhi's Electric Charge    Tloc/Air       10%        N/A       78%         4

Inventory:

Hand Weapons
 a - a +0 mace (weapon) {mace}
Missiles
 d - 6 darts of dispersal (quivered) {=fthrowing}
 h - 8 poisoned darts {throwing}
Armour
 b - a +0 robe (worn)
Scrolls
 c - a scroll of blinking {!r}
 e - a scroll of poison {unknown}
 g - 3 scrolls of amnesia {unknown}
Potions
 f - a potion of resistance {unknown}

Dungeon Overview and Level Annotations

Branches:
Dungeon (2/15) Zot: 10900

Altars:
Dithmenos

Annotations:
D:2 Robin

#........+...........
#.......##.....#.....
#.......##.....#.....
##...........[###.....
###.........#.#.†.......
.......†......#.........
#.......g...#......###
#.###.g.#....).....#
.#..###@#.#.g##......#
.......<..#..##......#
...########g.##......#
#.......#### #g####..#
#.#.....#
#######.#.#........
..........#..#.....
#######...#..#......


You could see 2 goblins.


Message History

You closely miss the goblin. The goblin closely misses you.
Robin says, "My goblins will feast on your bones."
Robin roars a battlecry!
The goblins go into a battle-frenzy!
The goblin hits you but does no damage.
You hear a shout!
You closely miss the goblin. Your headbutt misses the goblin.
You hear a shout!
The goblin misses you. The goblin closely misses you.
You hear a shout!
HP[+1]
You closely miss the goblin.
A goblin comes into view. It is wielding a +0 dagger.
The goblin barely misses you.
Robin hits you from afar with a +0 spear.
The goblin hits you but does no damage. x2; The goblin misses you.
The goblin moves out of view.
HP[-4]
You take 4 damage, and now have 30/39 hp.
You hit the goblin.
You kill the goblin!
The goblin hits you with a +0 club.
Robin hits you from afar with a +0 spear.
HP[-9]
You take 9 damage, and now have 21/39 hp.
MASSIVE DAMAGE!! (PAUSE) Robin hits you from afar with a +0 spear.
The goblin hits you with a +0 club.
* * * LOW HITPOINT WARNING * * *
Things that are here:
a +0 dagger {short}; a hobgoblin corpse; HP[-5]
You take 5 damage, and now have 16/39 hp.
The goblin attacks as it pursues you! The goblin hits you with a +0 club.
* * * LOW HITPOINT WARNING * * *
Robin attacks as they pursue you! Robin barely misses you.
HP[-2]
You take 2 damage, and now have 14/39 hp.
The goblin barely misses you. The goblin hits you with a +0 club.
Your memorisation is interrupted.
* * * LOW HITPOINT WARNING * * *
HP[-3]
You take 3 damage, and now have 11/39 hp.
You don't know any spells.
Sorry, you're not good enough to have a special ability.
You don't know any spells.
Unknown command.
You hit the goblin. The goblin barely misses you.
The goblin no longer looks unusually strong.
HP[+1] Throw: 7 darts (disperse) {=fthrowing}
Press: ? - help, Q - select action, (/) - cycle Shift-Dir - straight line, f - goblin
Aim: a goblin, wielding a +0 club (moderately wounded, 43% to hit)
You throw a dart of dispersal {=fthrowing}.
The dart of dispersal {=fthrowing} hits the goblin.
The goblin blinks!
The goblin no longer looks unusually strong.
The goblin hits you with a +0 club.
* * * LOW HITPOINT WARNING * * *
HP[-1]
You take 1 damage, and now have 11/39 hp.
You hit the goblin.
You kill the goblin!
The goblin no longer looks unusually strong.
HP[+1]
You see here a +0 club {mace}.
HP[+1]
The goblin attacks as it pursues you! The goblin hits you with a +0 dagger.
* * * LOW HITPOINT WARNING * * *
HP[-1]
You take 1 damage, and now have 12/39 hp.
A goblin comes into view. It is wielding a +0 club.
The goblin attacks as it pursues you! The goblin hits you with a +0 dagger.
* * * LOW HITPOINT WARNING * * *
HP[-1]
You take 1 damage, and now have 11/39 hp.
HP[+1] HP[+1]
The goblin attacks as it pursues you! The goblin hits you with a +0 dagger.
* * * LOW HITPOINT WARNING * * *
HP[-2]
You take 2 damage, and now have 11/39 hp.
Robin throws the goblin at you! The goblin hits you with a +0 club.
* * * LOW HITPOINT WARNING * * *
HP[-3]
You take 3 damage, and now have 8/39 hp.
The goblin attacks as it pursues you! The goblin hits you with a +0 club.
* * * LOW HITPOINT WARNING * * *
HP[-1]
You take 1 damage, and now have 7/39 hp.
Robin roars a battlecry!
The goblins go into a battle-frenzy!
The goblin attacks as it pursues you! The goblin closely misses you.
HP[+1]
The goblin attacks as it pursues you! The goblin hits you with a +0 club.
* * * LOW HITPOINT WARNING * * *
HP[-4]
You take 4 damage, and now have 4/39 hp.
HP[+1]
The goblin attacks as it pursues you! The goblin hits you with a +0 club.
You die...

Skill      XL: |  1  2 |
---------------+-------+-----
Fighting       | 3 4 |  4.2
Maces & Flails | 3 |  3.1
Throwing       | |  1.0
Dodging        | |  2.1
Spellcasting   | |  2.4
Translocations | |  2.6

Action                     || total
---------------------------++-------
  Melee: Mace              ||    75
         Headbutt          ||     7
         Punch             ||     2
  Throw: Dart              ||     4
 Armour: Robe              ||    66
  Dodge: Dodged            ||    47

Levels and vault maps discovered:
D:1:      eino_arrival_druids_welcome, layout_loops_corners,
          dreamdust_wishing_well
D:2:      layout_basic, basic_altar, chequers_big_river, uniq_natasha,
          uniq_sigmund, uniq_robin

Notes
Turn   | Place    | Note
-------+----------+-------------------------------------------
     0 | D:1      | zeratav the Oni Warper began the quest for the Orb.
     0 | D:1      | Reached XP level 1. HP: 22/22 MP: 3/3
     0 | D:1      | magus.rc [v1.9.6]
   344 | D:1      | Reached skill level 3 in Fighting
   443 | D:1      | Reached XP level 2. HP: 31/31 MP: 5/5
   909 | D:2      | Found a shadowy altar of Dithmenos.
   935 | D:2      | Noticed Natasha
   943 | D:2      | Killed Natasha
   944 | D:2      | Reached skill level 4 in Fighting
   944 | D:2      | Reached skill level 3 in Maces & Flails
   944 | D:2      | Reached XP level 3. HP: 23/39 MP: 6/6
  1020 | D:2      | Noticed Robin
  1068 | D:2      | HP: 8/39 [goblin/+0 club[Robin] (3)]
  1075 | D:2      | HP: 4/39 [goblin/+0 club[Robin] (4)]
  1078 | D:2      | Slain by a goblin

Vanquished Creatures
  Natasha (D:2)
  A dart slug (D:1)
  An endoplasm (D:1)
  A giant cockroach (D:2)
  6 goblins
  6 hobgoblins
  A quokka (D:1)
  A ball python (D:1)
  A bat (D:1)
  3 kobolds (D:1)
  A rat (D:1)
23 creatures vanquished.

Table legend:
 A = Non-vault XP
 B = Vault XP
 C = Vault XP percentage of total XP
 D = Non-vault monster count
 E = Vault monster count
 F = Vault count percentage of total count
                 A         B        C        D         E       F
            +---------+---------+-------+---------+---------+-------
      Total |      28 |      47 |  62.7 |      16 |       7 |  30.4
            +---------+---------+-------+---------+---------+-------
        D:1 |      24 |       0 |   0.0 |      14 |       0 |   0.0
        D:2 |       4 |      47 |  92.2 |       2 |       7 |  77.8
            +---------+---------+-------+---------+---------+-------

Skill      XL: |  1  2 |
---------------+-------+-----
Fighting       | 3 4 |  4.2
Maces & Flails | 3 |  3.1
Throwing       | |  1.0
Dodging        | |  2.1
Spellcasting   | |  2.4
Translocations | |  2.6

Action                     || total
---------------------------++-------
  Melee: Mace              ||    75
         Headbutt          ||     7
         Punch             ||     2
  Throw: Dart              ||     4
 Armour: Robe              ||    66
  Dodge: Dodged            ||    47

Illustrated notes

Table legend:
 A = Kills in this place as a percentage of kills in the entire game.
 B = Kills by you in this place as a percentage of kills by you in the entire game.
 C = Kills by friends in this place as a percentage of kills by friends in the entire game.
 D = Other kills in this place as a percentage of other kills in the entire game.
 E = Experience gained in this place as a percentage of experience gained in the entire game.
 F = Experience gained in this place divided by the number of levels of this place that you have seen.
                   A       B       C       D       E      F
               +-------+-------+-------+-------+-------+----------------------
         Total | 100.0 | 100.0 |   N/A |   N/A | 100.0 |  37.5
       Dungeon | 100.0 | 100.0 |   N/A |   N/A | 100.0 |  37.5
               +-------+-------+-------+-------+-------+----------------------

Table legend: (Time is in decaauts)
 A = Elapsed time spent in this place.
 B = Non-inter-level travel time spent in this place.
 C = Inter-level travel time spent in this place.
 D = Time resting spent in this place.
 E = Time spent auto-exploring this place.
 F = Levels seen in this place.
 G = Mean time per level.
                   A        B        C        D        E       F      G
               +--------+--------+--------+--------+--------+-----+--------+
         Total |   1098 |   1046 |     52 |      0 |    845 |   2 |  549.0 |
       Dungeon |   1098 |   1046 |     52 |      0 |    845 |   2 |  549.0 |
               +--------+--------+--------+--------+--------+-----+--------+

Top non-repeatable levels by time:
     D:1: 911 daAuts
     D:2: 186 daAuts
